AoeStats
← jeremiaschialva15

Acropolis

503128250Analyzed
1v1 RM · 1mo ago on Aug 30, 2026· 58m 10s· 2 players
Game mode
Random Map
Map size
Tiny (2 player)
Population
200
Speed
Normal
Resources
Standard
Victory
Conquest
Starting age
Dark Age
Ending age
Imperial Age
RankedLock teamsTeams togetherTeam positionsShared explorationLock speedFull tech treeHidden civsTurbo modeCheats
Victory
Defeat
🇵🇱 Vietnamese · Poland
535
+13
🇦🇷 Vietnamese · Argentina
468
-13
jeremiaschialva15
10:43 Loom
14:03 Feudal Age
14:43 Arson
18:19 Double-Bit Axe
18:17 Horse Collar
20:11 Man-at-Arms
23:30 Gold Mining
23:31 Stone Mining
23:38 Stone Mining
26:43 Wheelbarrow
25:55 Town Watch
30:16 Castle Age
28:41 Forging
28:59 Scale Mail Armor
28:51 Fletching
29:07 Scale Barding Armor
29:03 Padded Archer Armor
29:52 Bloodlines
31:55 Iron Casting
31:36 Chain Mail Armor
30:48 Pikeman
31:35 Squires
32:15 Bow Saw
33:41 Husbandry
33:09 Elite Skirmisher
35:03 Hand Cart
36:13 Heavy Plow
36:55 Town Patrol
37:40 Stone Shaft Mining
37:32 Chain Barding Armor
44:52 Imperial Age
42:51 Ballistics
42:12 Treadmill Crane
43:17 Thumb Ring
42:32 Crossbowman
45:27 Elite Fire Lancer
45:29 Long Swordsman
49:31 Plate Mail Armor
48:57 Bodkin Arrow
49:02 Heated Shot
50:29 Chemistry
51:00 Imperial Skirmisher
52:38 Halberdier
58:59 Two-Man Saw
57:28 Two-Handed Swordsman
57:38 Cavalier
57:39 Light Cavalry
mateuszcas
12:26 Feudal Age
13:00 Double-Bit Axe
14:12 Horse Collar
21:55 Castle Age
20:46 Man-at-Arms
22:05 Pikeman
23:34 Bow Saw
24:08 Town Watch
26:11 Elite Skirmisher
27:26 Heavy Plow
29:41 Squires
29:22 Long Swordsman
36:05 Thumb Ring
40:21 Imperial Age
40:26 Imperial Skirmisher
42:43 Scale Barding Armor
42:38 Scale Mail Armor
42:39 Padded Archer Armor
42:30 Fletching
42:56 Forging
42:53 Padded Archer Armor
42:57 Gold Mining
42:58 Stone Mining
44:16 Two-Man Saw
43:52 Crop Rotation
43:07 Halberdier
45:40 Leather Archer Armor
47:18 Iron Casting
49:08 Wheelbarrow
49:20 Chain Mail Armor
49:01 Bodkin Arrow
49:37 Ring Archer Armor
54:14 Elite Battle Elephant
54:55 Husbandry
55:20 Chain Barding Armor
55:31 Plate Mail Armor
55:02 Bracer
57:48 Plate Barding Armor
Connection lost

Rejoining the realm…

Still unreachable

The connection could not be restored.

Session expired

The server has moved on; the page needs a fresh start.